Map: Reclamation LE

Players

Apophis

  • Race: Protoss Protoss
  • Spawn Location: 11:00

Zenton

  • Race: Terran Terran
  • Spawn Location: 12:00

Ekelpack - Winner!

  • Race: Zerg Zerg
  • Spawn Location: 5:00

Nyck - Winner!

  • Race: Terran Terran
  • Spawn Location: 6:00

VOD

Have the link to the VOD?

Description

Time

  • Played on: Nov. 19, 2024, 1:31 p.m.
  • Length: 10:11
Show
View Real Time Build Order
Export as new Build Order

Apophis Protoss 

Build Orders: Phoenix Opening, Mass Phoenix 

Get SALT Encoding   

  12  0:00  Probe  
  13  0:12  Probe  
  14  0:17  Pylon  
  14  0:24  Probe (Chrono Boost)  
  16  0:37  Probe (Chrono Boost)  
  16  0:38  Gateway  
  16  0:42  Probe (Chrono Boost)  
  16  0:48  Assimilator  
  17  0:52  Probe  
  18  1:01  Assimilator  
  18  1:04  Probe  
  19  1:16  Probe  
  20  1:24  Zealot (Chrono Boost)  
  20  1:28  Probe  
  20  1:29  Cybernetics Core  
  23  1:34  Pylon  
  23  1:52  Probe  
  24  1:55  Gateway  
  24  2:04  Probe  
  25  2:10  Stargate  
  25  2:12  Warp Gate  
  25  2:16  Probe  
  25  2:20  Stalker  
  28  2:28  Probe  
  29  2:45  Stalker  
  29  2:48  Pylon  
  29  2:53  Phoenix (Chrono Boost)  
  29  2:55  Pylon  
  31  3:06  Stalker  
  31  3:09  Shield Battery  
  31  3:10  Probe  
  34  3:20  Phoenix  
  34  3:24  Sentry  
  34  3:27  Probe  
  39  3:44  Phoenix  
  39  3:45  Zealot  
  39  3:47  Zealot  
  45  3:50  Probe  
  46  3:58  Phoenix  
  46  4:06  Pylon  
  46  4:18  Nexus  
  46  4:28  Phoenix  
  46  4:29  Probe  
  49  4:36  Pylon  
  49  4:38  Sentry  
  49  4:40  Sentry  
  49  4:43  Probe  
  54  4:57  Phoenix  
  54  4:58  Probe  
  57  5:10  Probe  
  58  5:22  Phoenix  
  58  5:23  Forge  
  58  5:25  Pylon  
  60  5:30  Probe x2  
  60  5:33  Assimilator  
  62  5:40  Assimilator  
  62  5:47  Phoenix  
  62  5:49  Probe  
  66  5:50  Probe  
  66  6:02  Probe  
  67  6:10  Probe  
  68  6:14  Probe  
  69  6:32  Stalker x2  
  71  6:33  Probe  
  71  6:34  Probe  
  75  6:45  Probe, Photon Cannon  
  75  6:47  Nexus  
  76  6:48  Pylon, Photon Cannon  
  76  6:51  Pylon  
  70  7:25  Stalker x2  
  70  7:27  Probe, Phoenix  
  77  7:33  Gateway, Protoss Ground Weapons Level 1 (Chrono Boost)  
  77  7:34  Gateway  
  77  7:35  Gateway  
  77  7:37  Gateway  
  77  7:39  Twilight Council  
  77  7:40  Pylon  
  77  7:42  Probe x2  
  79  7:57  Robotics Facility  
  79  7:58  Robotics Facility  
  79  8:15  Zealot x2  
  79  8:16  Blink (Chrono Boost)  
  79  8:19  Probe  
  84  8:27  Forge  
  76  8:35  Probe x2  
  68  8:45  Immortal x2 (Chrono Boost)  
  73  8:52  Zealot x2  
  76  9:00  Sentry  
  76  9:01  Sentry x3  
  54  9:30  Zealot x3  
  54  9:31  Zealot x3  
  37  10:00  Zealot  
Show
View Real Time Build Order
Export as new Build Order

Zenton Terran 

Build Orders:  

Get SALT Encoding   

  12  0:04  SCV  
  13  0:16  SCV  
  13  0:19  Supply Depot  
  14  0:28  SCV  
  15  0:40  SCV  
  16  0:44  Barracks  
  16  0:52  SCV  
  17  0:58  Refinery  
  17  1:04  SCV  
  17  1:07  Barracks  
  18  1:18  SCV  
  19  1:23  Refinery  
  19  1:32  Orbital Command  
  19  1:35  Barracks Tech Lab  
  19  1:41  Supply Depot  
  19  1:54  Barracks Reactor  
  21  2:01  Marauder  
  21  2:15  SCV  
  22  2:27  SCV  
  22  2:29  Marauder  
  25  2:31  Marine x2  
  27  2:39  SCV  
  27  2:41  Stimpack  
  28  2:56  Command Center  
  28  3:01  Marine  
  28  3:02  Marine  
  30  3:16  Marauder  
  30  3:19  Supply Depot  
  32  3:20  SCV  
  32  3:24  Marine  
  34  3:40  Factory  
  34  3:43  Supply Depot  
  34  3:52  Marine x2, Marauder  
  38  4:26  Command Center, Factory Tech Lab  
  38  4:38  Combat Shield  
  38  4:50  Starport  
  38  4:59  Orbital Command  
  38  5:16  Engineering Bay  
  38  5:18  SCV  
  39  5:27  SCV  
  40  5:30  SCV  
  41  5:39  SCV  
  42  5:43  SCV  
  39  5:51  SCV, Missile Turret  
  35  5:57  Concussive Shells  
  35  6:01  Missile Turret  
  35  6:12  SCV x2  
  35  6:17  Orbital Command  
  37  6:22  Missile Turret  
  37  6:24  SCV x2  
  39  6:28  Starport Reactor  
  39  6:44  Marine  
  39  6:45  Marine  
  43  6:51  Marine  
  42  6:54  Missile Turret  
  42  6:57  Orbital Command  
  42  7:02  Marine x2  
  44  7:09  Marine  
  44  7:11  Medivac x2  
  34  7:28  SCV x2  
  34  7:40  SCV x2  
  35  7:44  Siege Tank  
  38  7:52  SCV  
  36  8:12  Marine x2, Marauder  
  40  8:18  Siege Tank  
  43  8:30  Orbital Command  
  43  8:33  Marauder  
  45  8:47  Marine x2  
  47  8:55  Marauder  
  49  9:04  SCV x2  
  49  9:05  Marine  
  49  9:09  Marine  
  53  9:16  SCV x2, Marauder  
  54  9:22  Marine  
  43  9:32  Marine  
  43  9:34  Siege Tank  
  43  9:37  Marauder  
  49  9:40  Marine  
  44  10:00  Barracks  
  44  10:01  Barracks, Factory  
Show
View Real Time Build Order
Export as new Build Order

Ekelpack Zerg - Winner!

Build Orders: Hatch First 

Get SALT Encoding   

  12  0:00  Drone  
  13  0:12  Overlord  
  13  0:18  Drone  
  14  0:31  Drone  
  15  0:48  Hatchery  
  14  0:50  Drone  
  15  1:08  Spawning Pool  
  15  1:09  Drone  
  15  1:12  Extractor  
  15  1:13  Drone  
  15  1:17  Drone  
  16  1:22  Drone  
  17  1:31  Drone  
  18  1:42  Drone  
  19  1:55  Drone, Queen  
  19  2:00  Queen  
  24  2:05  Drone  
  24  2:06  Drone  
  26  2:13  Overlord  
  26  2:17  Drone  
  27  2:23  Drone  
  28  2:31  Lair  
  28  2:34  Zergling x2  
  28  2:35  Zergling x2  
  30  2:48  Drone x2  
  30  2:49  Drone  
  30  2:51  Extractor  
  32  2:54  Extractor  
  31  3:02  Drone x2  
  31  3:03  Drone  
  31  3:04  Drone x2  
  36  3:10  Overlord  
  36  3:19  Extractor  
  35  3:20  Drone  
  36  3:33  Drone x3  
  36  3:34  Spire  
  38  3:36  Drone x3  
  38  3:37  Overlord  
  41  3:52  Zergling x2  
  41  3:54  Drone x2  
  44  3:57  Drone, Overlord  
  44  3:58  Overlord  
  45  4:08  Drone  
  46  4:52  Mutalisk x6  
  50  4:53  Mutalisk x4  
  66  5:00  Queen  
  66  5:05  Overlord x2  
  66  5:06  Zerg Flyer Weapons Level 1  
  68  5:23  Hatchery  
  68  5:27  Metabolic Boost  
  67  5:28  Zergling x6  
  67  5:29  Zergling x10  
  67  5:30  Zergling x2  
  76  5:42  Zergling x4  
  66  6:11  Zergling x4  
  66  6:12  Zergling x8  
  66  6:27  Hydralisk Den  
  66  6:29  Evolution Chamber  
  66  6:31  Drone x2  
  66  6:32  Evolution Chamber  
  65  6:37  Drone  
  65  6:38  Drone x3  
  69  7:00  Zergling x2  
  69  7:01  Hydralisk x7  
  68  7:02  Hydralisk x2  
  68  7:06  Queen  
  85  7:17  Zergling x6  
  85  7:20  Zerg Ground Armor Level 1, Zerg Missile Weapons Level 1  
  85  7:21  Grooved Spines  
  85  7:23  Zergling x4, Overlord x3  
  87  7:42  Drone x4  
  87  7:43  Drone x3  
  94  7:52  Extractor  
  94  7:53  Extractor, Hydralisk x5  
  94  7:54  Hydralisk  
  104  8:15  Hydralisk x5  
  104  8:17  Overlord x4  
  112  8:46  Zergling x14  
  112  8:47  Zergling x6  
  121  8:54  Mutalisk  
  121  8:55  Hydralisk x6  
  125  8:59  Muscular Augments  
  121  9:28  Zergling x12, Overlord x2  
  121  9:29  Zergling x6, Overlord  
  121  9:54  Drone x6  
  121  9:55  Drone x3  
Show
View Real Time Build Order
Export as new Build Order

Nyck Terran - Winner!

Build Orders:  

Get SALT Encoding   

  12  0:00  SCV  
  13  0:12  SCV  
  14  0:18  Supply Depot  
  14  0:25  SCV  
  15  0:40  SCV  
  16  0:43  Barracks  
  16  0:49  Refinery  
  16  0:52  SCV  
  17  1:05  SCV  
  18  1:20  SCV  
  18  1:25  Supply Depot  
  19  1:37  Orbital Command  
  19  1:43  Reaper  
  20  1:51  Barracks  
  20  2:12  SCV  
  21  2:17  Command Center  
  21  2:19  Refinery  
  20  2:43  SCV  
  20  2:51  Barracks Tech Lab  
  20  2:55  SCV  
  21  3:07  SCV  
  21  3:09  Supply Depot  
  21  3:10  Barracks Reactor  
  21  3:12  Combat Shield  
  22  3:14  Marine  
  22  3:19  SCV  
  24  3:32  Marine  
  24  3:34  Barracks  
  25  3:39  SCV  
  26  3:47  Marine x2  
  28  3:50  Marine  
  28  3:51  SCV  
  28  3:52  Factory  
  28  3:53  SCV  
  31  4:08  Orbital Command  
  31  4:09  SCV  
  32  4:10  Marine x2  
  32  4:11  Marine  
  35  4:21  SCV  
  35  4:22  Barracks Reactor  
  36  4:24  Barracks Reactor  
  36  4:29  Marine x2  
  36  4:30  Marine  
  39  4:34  Stimpack  
  39  4:47  Marine x2, Refinery  
  39  4:48  SCV, Refinery  
  39  4:50  SCV  
  43  4:55  Marine  
  44  5:01  SCV  
  44  5:02  SCV  
  44  5:04  Marine  
  44  5:05  Marine  
  48  5:08  Starport  
  48  5:12  Factory Reactor  
  48  5:13  SCV  
  49  5:14  SCV  
  50  5:25  SCV  
  50  5:27  SCV  
  52  5:32  Marine x2  
  54  5:36  Command Center  
  54  5:40  Supply Depot  
  54  5:55  Engineering Bay  
  54  6:02  SCV x2, Marine x3  
  59  6:04  Supply Depot  
  59  6:05  Factory Reactor, Medivac  
  59  6:09  Marine  
  62  6:25  Terran Infantry Weapons Level 1, Marine, SCV x2, Medivac  
  62  6:28  Engineering Bay  
  62  6:29  Supply Depot, Marine x2  
  68  6:39  SCV x2  
  69  7:20  Marine x4  
  69  7:21  Marine  
  74  7:24  Medivac x2  
  74  7:26  Supply Depot  
  78  7:48  SCV x2  
  78  7:49  Supply Depot  
  80  8:00  SCV x2  
  80  8:01  Command Center  
  82  8:12  SCV x2, Command Center  
  84  8:13  Supply Depot  
  84  8:19  Marine x2  
  85  8:20  Marine x3  
  85  8:24  SCV x2  
  91  8:27  Armory  
  91  8:36  SCV x2  
  93  8:48  SCV x2, Marine x5  
  95  8:50  Medivac  
  102  9:03  Supply Depot  
  102  9:07  Medivac  
  102  9:08  Missile Turret  
  101  9:13  Missile Turret  
  97  9:31  Supply Depot, Marine  
  96  9:32  Marine x4  
  100  9:49  Marine x3  
  100  9:50  Marine x2  
Tags
 
Add a new tag
Caveats
  • Supply blocks, unpowered buildings, or Contaminate may cause inaccurate times.
  • Supply counts are checked every 10 seconds.